 Dungeon Crawl Stone Soup version 0.18.1-50-g88ac8fd (webtiles) character file.

27817 magog001 the Protected (level 13, -9/116 HPs)
             Began as a Minotaur Fighter on Dec 12, 2016.
             Was an Elder of Nemelex Xobeh.
             Mangled by a titanic slime creature (46 damage)
             ... on level 3 of the Swamp.
             The game lasted 01:45:49 (15786 turns).

magog001 the Protected (Minotaur Fighter)          Turns: 15786, Time: 01:45:50

Health: -9/116     AC: 21    Str: 26    XL:     13   Next: 6%
Magic:  13/13      EV:  9    Int:  5    God:    Nemelex Xobeh [****..]
Gold:   1227       SH: 13    Dex: 10    Spells: 0 memorised, 12 levels left

rFire  x . .     SeeInvis .     p - +12 flail of Experimentation {distort, rC+}
rCold  + + .     Gourm    .     D - +0 plate armour
rNeg   . . .     Faith    .     c - +0 shield
rPois  .         Spirit   .     (helmet restricted)
rElec  .         Dismiss  .     n - +0 cloak
rCorr  .         Reflect  .     (no gloves)
SustAt .         Harm     .     K - +2 pair of boots
MR     .....                    (no amulet)
Stlth  ..........               L - ring of ice
                                t - ring of poison resistance

@: poison vulnerable, not resistant to hostile enchantments, extremely
unstealthy
A: retaliatory headbutt, horns 2
a: Triple Draw, Deal Four, Renounce Religion


You were on level 3 of the Swamp.
You worshipped Nemelex Xobeh.
Nemelex Xobeh was greatly pleased with you.
You were not hungry.

You visited 3 branches of the dungeon, and saw 15 of its levels.

You collected 1545 gold pieces.
You spent 318 gold pieces at shops.

Inventory:

Hand Weapons
 p - the +12 flail of Experimentation (weapon) {distort, rC+}
   (You found it on level 4 of the Dungeon)

   It warps and distorts space around it.
   Unwielding it can cause banishment or high damage.
   It protects you from cold.
Missiles
 x - 7 tomahawks
 Q - 4 tomahawks of returning (quivered)
Armour
 c - a +0 shield (worn)
 n - a +0 cloak (worn)
 D - a +0 plate armour (worn)
 K - a +2 pair of boots (worn)
Jewellery
 t - a ring of poison resistance (left hand)
 L - a ring of ice (right hand)
Wands
 h - a wand of digging (3/24)
 y - a wand of flame (21/48)
 G - a wand of flame (5/48)
 T - a wand of random effects (30/48)
Scrolls
 a - 2 scrolls of enchant armour {unknown}
 b - 3 scrolls of fear
 e - 2 scrolls of fog
 g - 4 scrolls of magic mapping
 q - a scroll of enchant weapon {unknown}
 u - 4 scrolls of immolation
 v - 7 scrolls of remove curse
 E - 3 scrolls of noise {unknown}
 H - a scroll of torment {unknown}
 I - 3 scrolls of teleportation
 N - a scroll of random uselessness {unknown}
 O - a scroll of recharging
 S - 2 scrolls of identify
Potions
 d - 3 potions of might
 i - 5 potions of agility
 k - a potion of curing
 l - 3 potions of cure mutation {unknown}
 m - 2 potions of cancellation
 s - 2 potions of haste {unknown}
 z - a potion of ambrosia
 C - 3 potions of invisibility
 F - a potion of lignification
 J - 4 potions of flight
 M - a potion of berserk rage
 R - 2 potions of brilliance {unknown}
 W - a potion of mutation {unknown}
Books
 w - a book of Battle

   Spells                             Type                      Level
   a - Infusion                       Charms                       1
   b - Shroud of Golubria             Charms/Translocation         2
   c - Song of Slaying                Charms                       2
   d - Spectral Weapon                Hexes/Charms                 3
   e - Regeneration                   Charms/Necromancy            3
Miscellaneous
 o - a legendary deck of escape
 r - a plain deck of destruction {drawn: 1}
 A - a legendary deck of war {drawn: 3}
 P - a box of beasts {used: 2}
 U - a legendary deck of destruction {drawn: 1}
 V - a plain deck of destruction
 X - a plain deck of changes
 Y - a plain deck of war {drawn: 3}
Comestibles
 f - 6 bread rations
 j - 7 meat rations
 B - 18 fruits


   Skills:
 * Level 11.4 Fighting
   Level 0.5 Long Blades
   Level 4.2(9.6) Axes
 * Level 13.0(13.2) Maces & Flails
 * Level 13.4 Armour
 + Level 5.2 Dodging
 + Level 2.3 Stealth
 * Level 13.2 Shields
 + Level 1.8 Evocations


You had 12 spell levels left.
You didn't know any spells.

Dungeon Overview and Level Annotations

Branches:
Dungeon (9/15)             Temple (0/1) D:5            Lair (3/8) D:9
  Swamp (3/4) Lair:3
  Snake: Lair:3-6    Spider: Lair:3-6       Orc: D:9-12

Altars:
Ashenzari
Cheibriados
Elyvilon
Fedhas
Kikubaaqudgha
Nemelex Xobeh
Pakellas
Ru
Sif Muna
Vehumet
Xom
Yredelemnul
Zin
The Shining One

Shops:
D:5 *:?   D:6 *   D:8 !

Annotations:
D:8 Erica
Swamp:1 exclusion: Roxanne, Roxanne
Swamp:2 Donald


Innate Abilities, Weirdness & Mutations

You reflexively headbutt those who attack you in melee.
You have a pair of horns on your head.


Message History

Zapping:
T - a wand of random effects {zapped: 2} (will waste charges)
Press: ? - help, Shift-Dir - straight line, f/p - titanic slime creature
Aim: a titanic slime creature (heavily wounded)
You hear a mighty clap of thunder!
The bolt of lightning hits the titanic slime creature.
The titanic slime creature is heavily wounded.
The tree smolders and burns.
Evoking this partially-identified wand wasted a few charges.
You hear a roar!
You hear a croak.
You hear an angry buzzing noise.
You hear a roar!
You hear an angry buzzing noise.
You hear a roar!
Evoke which item? (* to show all) (? for menu, Esc to quit)
You draw a card...
It is Venom.
You have drawn Venom.
Press: ? - help, Shift-Dir - straight line, f/p - titanic slime creature
Aim: a titanic slime creature (heavily wounded) Releasing that poison leaves you vulnerable to poison.
Magog001's illusion completely misses the titanic slime creature.
The titanic slime creature hits you!!!
You die...
Your body glows slightly and disappears.

≈≈≈.♣♣ .≈≈≈ ♣♣≈... ≈≈.≈.♣
≈≈≈≈≈♣♣♣ ♣ ≈≈..... ≈≈..♣♣
♣≈≈≈≈≈≈♣ ≈♣≈≈≈...)
≈†.♣♣♣♣♣≈....≈♣♣♣≈≈≈≈..⌠.
≈≈.♣.♣≈§≈≈≈≈.≈≈♣♣≈≈.≈....
...≈...≈≈.§§≈...♣≈≈≈.....
≈≈≈≈≈§..≈≈§.≈≈≈.§.≈≈≈≈≈♣≈
≈≈....≈PP≈≈≈.≈≈J@§≈≈≈≈≈≈≈
≈≈♣≈..≈PP≈≈§...♣@†..≈≈≈≈≈
♣≈≈≈♣♣.PPP≈≈.♣♣♣♣...≈.≈≈≈
≈≈≈≈≈♣♣PPP≈≈.♣ ♣♣......≈
≈≈≈≈≈≈♣♣♣P..♣♣♣♣ ♣......
≈≈≈≈≈♣♣ ♣P.....♣♣ ♣♣♣.♣.
♣≈≈≈♣♣♣ ♣(..≈..≈♣ ♣
≈♣≈≈≈≈♣♣♣PP≈≈♣♣♣♣
≈....≈♣♣PPP≈≈♣
≈≈≈..≈≈♣≈.≈.♣♣


You could see a titanic slime creature and the friendly magog001's illusion.

Vanquished Creatures
  A very ugly thing (Swamp:2)
  A centaur warrior (D:7)
  An alligator (Swamp:2)
  An ogre mage (D:7)
  2 spriggans
  A shambling mangrove (Swamp:2)
  An ugly thing (D:8)
  An elephant (Lair:3)
  A black mamba (Lair:1)
  2 spiny frogs
  4 komodo dragons
  A polar bear (Lair:2)
  A troll (D:9)
  5 bog bodies
  6 giant leeches
  21 slime creatures
  A yak (Lair:3)
  A wyvern (D:9)
  A hungry ghost (D:9)
  4 hippogriffs
  4 vampire mosquitoes (Swamp:1)
  13 swamp worms
  3 water moccasins
  2 porcupines (Lair:3)
  4 swamp drakes
  An orc warrior (D:9)
  A necrophage (D:8)
  A sky beast (D:9)
  3 ogres
  2 phantoms
  4 wasps
  3 wolves (Lair:3)
  The ghost of magog001 the Stinger, an amateur DrVM (D:3)
  2 centaurs (D:7)
  5 crocodiles
  A big kobold (D:8)
  10 giant frogs
  4 scorpions
  3 killer bees (D:8)
  4 wights (D:9)
  3 howler monkeys
  2 electric eels
  7 crimson imps
  A quasit (D:8)
  2 jellies
  2 hounds
  An orc priest (D:4)
  2 giant frog skeletons
  6 iguanas
  Terence (D:3)
  6 orc wizards
  5 worker ants
  A hound skeleton (D:5)
  2 worker ant zombies (D:8)
  Robin (D:3)
  4 gnolls (D:8)
  7 adders
  3 shadow imps
  An ooze (D:6)
  An adder zombie (D:6)
  2 worms (D:2)
  4 dart slugs
  3 giant geckos (D:3)
  30 orcs
  7 bats
  8 giant cockroaches
  19 goblins
  13 hobgoblins
  7 jackals
  5 quokkas
  A ball python (D:2)
  A giant gecko skeleton (D:9)
  5 giant newts
  A goblin skeleton (D:5)
  3 goblin zombies (D:5)
  A hobgoblin zombie (D:5)
  10 kobolds
  2 orc skeletons (D:5)
  An orc zombie (D:5)
  A quokka skeleton (D:8)
  5 rats
  6 briar patches (Swamp:3)
  A bush (Lair:3)
  A butterfly (Lair:1)
323 creatures vanquished.

Vanquished Creatures (collateral kills)
  A thorn hunter (Swamp:3)
  A minotaur (Swamp:3)
  A great orb of eyes (Swamp:3)
  A giant leech (Swamp:2)
  A slime creature (Swamp:3)
  A vampire mosquito (Swamp:3)
  A swamp worm (Swamp:3)
  A briar patch (Swamp:3)
8 creatures vanquished.

Vanquished Creatures (others)
  A shambling mangrove (Swamp:1)
  2 elephants (Lair:3)
  4 giant leeches
  A bog body (Swamp:3)
  A slime creature (Swamp:3)
  A spriggan (Swamp:1)
  A shadow (Swamp:2)
  A yak (Lair:3)
  4 swamp worms
  2 water moccasins
  An ice beast (D:7)
  A wolf (Lair:3)
  A scorpion (D:6)
21 creatures vanquished.

Grand Total: 352 creatures vanquished

Notes
Turn   | Place    | Note
--------------------------------------------------------------
     0 | D:1      | magog001 the Minotaur Fighter began the quest for the Orb.
     0 | D:1      | Reached XP level 1. HP: 19/19 MP: 0/0
   385 | D:1      | Reached XP level 2. HP: 26/27 MP: 1/1
  1271 | D:2      | Reached XP level 3. HP: 33/33 MP: 2/2
  1698 | D:2      | Found a sacrificial altar of Ru.
  1964 | D:3      | Reached skill level 1 in Dodging
  1995 | D:3      | Reached XP level 4. HP: 38/40 MP: 3/3
  1996 | D:3      | Noticed magog001's ghost (amateur DrVM)
  2300 | D:3      | Noticed Robin
  2315 | D:3      | Killed Robin
  2535 | D:3      | Reached XP level 5. HP: 37/46 MP: 4/4
  2631 | D:3      | Noticed Terence
  2965 | D:3      | Killed magog001's ghost
  2965 | D:3      | Reached skill level 5 in Shields
  3190 | D:3      | Killed Terence
  3190 | D:3      | Reached XP level 6. HP: 45/52 MP: 5/5
  3410 | D:3      | Found an oddly glowing altar of Pakellas.
  3799 | D:4      | Reached skill level 5 in Armour
  4096 | D:4      | Got an ancient flail
  4097 | D:4      | Identified the +12 flail of Experimentation {distort, rC+} (You found it on level 4 of the Dungeon)
  4133 | D:4      | Reached XP level 7. HP: 60/60 MP: 6/6
  4287 | D:4      | Found a basalt altar of Yredelemnul.
  4289 | D:4      | Noticed a profane servitor
  4308 | D:4      | Found a glowing golden altar of the Shining One.
  4310 | D:4      | Noticed an angel
  4638 | D:5      | Entered Level 5 of the Dungeon
  4638 | D:5      | Found Xuyqixes's Magic Scroll Emporium.
  4641 | D:5      | Bought a scroll of identify for 24 gold pieces
  4641 | D:5      | Bought a scroll of remove curse for 36 gold pieces
  4641 | D:5      | Bought a scroll of identify for 24 gold pieces
  4641 | D:5      | Bought a scroll of identify for 24 gold pieces
  4650 | D:5      | Found a glowing golden altar of the Shining One.
  4659 | D:5      | Reached skill level 1 in Stealth
  4664 | D:5      | Reached skill level 1 in Maces & Flails
  4759 | D:5      | Found Zius's Book Shoppe.
  4762 | D:5      | Found a staircase to the Ecumenical Temple.
  5038 | D:5      | Found Ogy Cia's General Store.
  5099 | D:6      | Found Otygeu's Blasphemy Boutique.
  5100 | D:6      | Found a basalt altar of Yredelemnul.
  5242 | D:6      | Found a basalt altar of Yredelemnul.
  5736 | D:6      | Reached skill level 5 in Fighting
  6204 | D:7      | Found an ancient bone altar of Kikubaaqudgha.
  6226 | D:7      | Found a deep blue altar of Sif Muna.
  6228 | D:7      | Found a radiant altar of Vehumet.
  6233 | D:7      | Identified Sif Muna's Collected Works on Shape Shifting
  6451 | D:7      | Reached XP level 8. HP: 68/68 MP: 7/7
  6516 | D:7      | Noticed an angel
  6517 | D:7      | Found a shimmering altar of Xom.
  6517 | D:7      | Found a glowing silver altar of Zin.
  6629 | D:7      | Noticed a centaur warrior
  6631 | D:7      | Noticed a seven-headed hydra
  6631 | D:7      | Noticed an ogre mage
  6639 | D:7      | Banished a seven-headed hydra
  6639 | D:7      | Reached skill level 1 in Evocations
  6650 | D:7      | Killed a centaur warrior
  6650 | D:7      | Reached skill level 5 in Maces & Flails
  6650 | D:7      | Reached XP level 9. HP: 50/78 MP: 7/9
  6670 | D:7      | Killed an ogre mage
  7251 | D:7      | Got a crystal morningstar
  7403 | D:7      | Identified the +8 morningstar of Ofovich {drain, *Rage MR++ Str+8} (You found it on level 7 of the Dungeon)
  7417 | D:8      | Found a blossoming altar of Fedhas.
  7536 | D:8      | Noticed Erica
  7840 | D:8      | Found a snail-covered altar of Cheibriados.
  7960 | D:8      | Found Innasena's Distillery.
  7970 | D:8      | Bought a potion of curing for 42 gold pieces
  7970 | D:8      | Bought a potion of curing for 42 gold pieces
  7970 | D:8      | Bought a potion of curing for 42 gold pieces
  7970 | D:8      | Bought a potion of curing for 42 gold pieces
  7970 | D:8      | Bought a potion of curing for 42 gold pieces
  8166 | D:8      | Reached XP level 10. HP: 73/86 MP: 10/10
  8263 | D:8      | Noticed a cyan ugly thing
  8272 | D:8      | Killed a cyan ugly thing
  8754 | D:9      | Found a staircase to the Lair.
  8773 | D:9      | Found a sparkling altar of Nemelex Xobeh.
  8783 | D:9      | Became a worshipper of Nemelex Xobeh the Trickster
  8793 | D:9      | Received a gift from Nemelex Xobeh
  8889 | D:9      | Got a smelly leather armour
  8900 | D:9      | Identified the +2 leather armour "Eruefu" {*Drain Regen+ Dex+4} (You found it on level 9 of the Dungeon)
  8953 | D:9      | Found a blossoming altar of Fedhas.
  8954 | D:9      | Found a snail-covered altar of Cheibriados.
  8955 | D:9      | Found a shattered altar of Ashenzari.
  8959 | D:9      | Found a white marble altar of Elyvilon.
  9089 | D:9      | Reached skill level 10 in Armour
  9272 | D:9      | Reached skill level 10 in Shields
  9419 | Lair:1   | Entered Level 1 of the Lair of Beasts
  9420 | Lair:1   | Noticed a black mamba
  9429 | Lair:1   | Killed a black mamba
  9625 | Lair:1   | Reached * piety under Nemelex Xobeh
 10119 | Lair:2   | Received a gift from Nemelex Xobeh
 10207 | Lair:2   | Noticed a spiny frog
 10215 | Lair:2   | Killed a spiny frog
 10215 | Lair:2   | Reached XP level 11. HP: 95/95 MP: 11/11
 10330 | Lair:2   | Reached ** piety under Nemelex Xobeh
 10690 | Lair:2   | Received a gift from Nemelex Xobeh
 10852 | Lair:3   | Reached skill level 10 in Maces & Flails
 11014 | Lair:3   | Reached *** piety under Nemelex Xobeh
 11572 | Lair:3   | Found a staircase to the Swamp.
 11874 | Swamp:1  | Entered Level 1 of the Swamp
 11929 | Swamp:1  | Received a gift from Nemelex Xobeh
 12167 | Swamp:1  | Noticed Roxanne
 12512 | Swamp:1  | Reached skill level 5 in Dodging
 12671 | Swamp:1  | Noticed a shambling mangrove
 12674 | Swamp:1  | Noticed a spriggan rider
 12675 | Swamp:1  | Banished a shambling mangrove
 12698 | Swamp:1  | Reached skill level 10 in Fighting
 12714 | Swamp:1  | Reached XP level 12. HP: 34/106 MP: 12/12
 13037 | Swamp:1  | Received a gift from Nemelex Xobeh
 13106 | Swamp:2  | Noticed Donald
 13167 | Swamp:2  | Reached **** piety under Nemelex Xobeh
 13362 | Swamp:2  | Noticed a white very ugly thing
 13373 | Swamp:2  | Killed a white very ugly thing
 13625 | Swamp:2  | Noticed an alligator
 13639 | Swamp:2  | Killed an alligator
 14774 | Swamp:3  | Received a gift from Nemelex Xobeh
 14789 | Swamp:3  | Noticed a seven-headed hydra
 15516 | Swamp:3  | Noticed an alligator
 15517 | Swamp:3  | Noticed an alligator
 15524 | Swamp:3  | Noticed a great orb of eyes
 15524 | Swamp:3  | an alligator changed into a great orb of eyes
 15524 | Swamp:3  | Noticed a minotaur
 15524 | Swamp:3  | an alligator changed into a minotaur
 15527 | Swamp:3  | Killed a minotaur
 15529 | Swamp:3  | Killed a great orb of eyes
 15556 | Swamp:3  | Noticed a thorn hunter
 15572 | Swamp:3  | Killed a thorn hunter
 15572 | Swamp:3  | Reached XP level 13. HP: 74/116 MP: 13/13
 15754 | Swamp:3  | Noticed a thorn hunter
 15786 | Swamp:3  | Mangled by a titanic slime creature

Skill      XL: |  1  2  3  4  5  6  7  8  9 10 11 12 13 |
---------------+----------------------------------------+-----
Armour         | 4 5 6 8 9 10 12 13 | 13.4
Shields        | 4 5 6 7 9 10 12 13 | 13.2
Fighting       | 4 5 6 7 8 10 11 | 11.4
Axes           | 3 4 |  4.2
Dodging        | 1 3 4 5 |  5.2
Stealth        | 1 2 |  2.3
Maces & Flails | 3 5 7 9 11 12 13 | 13.0
Evocations     | 1 |  1.8
Long Blades    | |  0.5

Action                   |  1- 3 |  4- 6 |  7- 9 | 10-12 | 13-15 || total
-------------------------+-------+-------+-------+-------+-------++-------
Melee: War axe           |    96 |    76 |       |       |       ||   172
       Headbutt          |    14 |    28 |    12 |   104 |     6 ||   164
       Great sword       |       |    16 |       |       |       ||    16
       Whip              |       |    41 |       |       |       ||    41
       Flail             |       |     2 |   162 |   549 |    21 ||   734
Evoke: Wand              |       |       |     7 |     2 |     5 ||    14
       Deck              |       |       |       |     6 |     2 ||     8
       Box of beasts     |       |       |       |       |     2 ||     2
  Use: Scroll            |     5 |     6 |    10 |     3 |     1 ||    25
       Potion            |       |     2 |     4 |    10 |     1 ||    17
 Stab: Distracted        |       |       |       |     1 |     1 ||     2
  Eat: Bread ration      |     1 |     1 |     1 |     3 |       ||     6
       Chunk             |       |     4 |     3 |    12 |       ||    19
       Pizza             |       |     1 |       |     3 |       ||     4
       Beef jerky        |       |       |     1 |     1 |       ||     2
       Meat ration       |       |       |       |     1 |       ||     1
       Royal jelly       |       |       |       |     1 |       ||     1
       Fruit             |       |       |       |     2 |       ||     2
Armor: Scale mail        |    42 |    59 |       |       |       ||   101
       Leather armour    |       |    20 |     2 |       |       ||    22
       Plate armour      |       |       |    71 |   183 |     1 ||   255
       Skin              |       |       |     1 |     4 |       ||     5
Dodge: Dodged            |    23 |    54 |    43 |   115 |     3 ||   238
Block: Shield            |    57 |    79 |    85 |   278 |    12 ||   511
